 Dungeon Crawl Stone Soup version 0.32-a0-859-gb0a091d592 (webtiles) character file.

Game seed: 11697699830413619836

112 timneilson the Sneak (level 5, 0/29 HPs)
             Began as a Kobold Enchanter on Mar 28, 2024.
             Killed by divine providence
             ... invoked by an orc priest
              (10 damage)
             ... on level 3 of the Dungeon.
             The game lasted 00:07:57 (2757 turns).

timneilson the Sneak (Kobold Enchanter)             Turns: 2757, Time: 00:07:57

Health: 0/29       AC:  4    Str:  6    XL:     5   Next: 16%
Magic:  8/8        EV: 13    Int: 16    God:
Gold:   143        SH:  5    Dex: 17    Spells: 8/8 levels left

rFire   . . .        a - +1 dagger
rCold   . . .        h - +1 buckler
rNeg    . . .        k - +0 leather armour
rPois   .            (no helmet)
rElec   .            f - +0 cloak
rCorr   .            (no gloves)
SInv    .            (no boots)
Will    .....        (no amulet)
Stlth   ++++         (no ring)
HPRegen 0.24/turn    (no ring)
MPRegen 0.11/turn

%: no passive effects
@: no status effects
A: small, no large weapons, nightstalker 3
a: Convert to Beogh


You were on level 3 of the Dungeon.
You visited 1 branch of the dungeon, and saw 3 of its levels.

You collected 143 gold pieces.

Inventory:

Hand Weapons
 a - a +1 dagger (weapon)
Missiles
 j - 7 poisoned darts (quivered)
Armour
 f - a +0 cloak (worn)
 h - a +1 buckler (worn)
 k - a +0 leather armour (worn)
Jewellery
 i - a ring of magical power
Scrolls
 e - 2 scrolls of amnesia
Potions
 c - 2 potions of invisibility
 g - 2 potions of attraction {unknown}


   Skills:
 + Level 1.4 Fighting
 * Level 3.1 Short Blades
 + Level 1.0 Armour
 * Level 3.9 Dodging
 + Level 4.3 Stealth
 + Level 0.5 Shields
 - Level 2.1 Spellcasting
 - Level 3.0 Hexes


You had 8 spell levels left.
You didn't know any spells.
Your spell library contained the following spells:

 Spells                   Type           Power      Damage    Failure   Level
 Ensorcelled Hibernation  Hex/Ice        12%        N/A       43%         2
 Confusing Touch          Hex            11%        N/A       45%         3
 Tukima's Dance           Hex            11%        N/A       45%         3
 Dazzling Flash           Conj/Hex       12%        N/A       67%         3


Dungeon Overview and Level Annotations

Branches:
Dungeon (3/15)

Altars:

Shops:
D:1 (


Innate Abilities, Weirdness & Mutations

You are small and have problems with some larger weapons.
You are completely attuned to the shadows.


Message History

The orc is heavily wounded.
The orc hits you with a +0 club.
The orc priest looks braver for a moment.
You hit the orc but do no damage.
The orc is heavily wounded.
The orc hits you but does no damage.
You hit the orc but do no damage.
The orc is heavily wounded.
The orc completely misses you.
The orc priest calls upon Beogh to heal the orc.
The orc's wounds heal themselves!
You hit the orc but do no damage. The orc barely misses you.
You barely miss the orc.
The orc priest shouts, "The Pantheon deserves no one's loyalty.
Let us show you the true path!" The orc hits you with a +0 club.
You hit the orc but do no damage. The orc barely misses you.
The orc priest invokes the aid of Beogh against you.
Beogh smites you!
* * * LOW HITPOINT WARNING * * *
You closely miss the orc. The orc barely misses you.
You barely miss the orc. The orc hits you with a +0 club.
* * * LOW HITPOINT WARNING * * *
Found a clear potion.
The orc attacks as it pursues you! The orc hits you with a +0 club.
* * * LOW HITPOINT WARNING * * *
It was a potion of ambrosia.
You are confused.
You feel invigorated.
You're too confused to move!
You feel less invigorated.
You feel less confused. You block the orc's attack.
The orc priest casts a cantrip, but nothing happens.
The orc attacks as it pursues you! The orc barely misses you.
The orc priest mumbles some strange prayers to Beogh against you.
Beogh smites you! The orc attacks as it pursues you!
You block the orc's attack. The orc attacks as it pursues you!
The orc hits you but does no damage.
The orc priest mumbles some strange prayers to Beogh against you.
Beogh smites you!
You die...

#.# # #†#.#
#.#.##
#.....
##)..##
#...###
#......
#...###
##@## #..#
#.o# .. #..#
#.#
#.o####.#
#.o.....###.
#.#..o...!..
#.#.###o###
#.#.# #.#


You could see an orc priest and an orc.

Vanquished Creatures
  A jelly (D:3)
  An adder (D:3)
  3 dart slugs (D:1)
  A ribbon worm (D:2)
  5 orcs (D:3)
  5 ball pythons
  4 endoplasms
  3 giant cockroaches (D:1)
  9 goblins
  4 hobgoblins
  7 kobolds
  2 quokkas
  4 bats
  4 frilled lizards
  4 rats
57 creatures vanquished.

Notes
Turn   | Place    | Note
-------+----------+-------------------------------------------
     0 | D:1      | timneilson the Kobold Enchanter began the quest for the
                  | Orb.
     0 | D:1      | Reached XP level 1. HP: 10/10 MP: 3/3
    78 | D:1      | Reached XP level 2. HP: 3/16 MP: 5/5
   452 | D:1      | Found Zojeih's Weapon Shoppe.
   457 | D:1      | Reached XP level 3. HP: 20/20 MP: 6/6
   588 | D:1      | Reached skill level 1 in Fighting
  1694 | D:2      | Reached XP level 4. HP: 19/25 MP: 7/7
  2348 | D:3      | Noticed a scorpion
  2488 | D:3      | Reached skill level 1 in Armour
  2488 | D:3      | Reached XP level 5. HP: 29/29 MP: 8/8
  2757 | D:3      | Killed from afar by an orc priest

Illustrated notes

Levels and vault maps discovered:
D:1:      lemuel_arrival_hallway, layout_rooms, serial_shops,
          nicolae_shop_peninsula, serial_bayou, serial_bayou_lagoon_b,
          serial_bayou_lagoon_a, serial_bayou_pond_d, serial_bayou_ford_a,
          serial_bayou_lake_a
D:2:      layout_loops_ring
D:3:      layout_loops_ring, mainiacjoe_overflow_chevrons,
          hangedman_decor_clover_reticule, hangedman_decor_points

Skill      XL: |  1  2  3  4 |
---------------+-------------+-----
Short Blades   | 2 3 |  3.1
Dodging        | 3 |  3.9
Fighting       | 1 |  1.4
Armour         | 1 |  1.0
Stealth        | |  4.3
Shields        | |  0.5
Spellcasting   | |  2.1
Hexes          | |  3.0

Action                     |  1- 3 |  4- 6 || total
---------------------------+-------+-------++-------
  Melee: Dagger            |   208 |    70 ||   278
    Use: Scroll            |     3 |     3 ||     6
         Potion            |       |     1 ||     1
   Stab: Sleeping          |     7 |     9 ||    16
 Armour: Robe              |    74 |     1 ||    75
         Leather armour    |       |    28 ||    28
  Dodge: Dodged            |   117 |    31 ||   148
  Block: Buckler           |    20 |    11 ||    31

Table legend: (Time is in decaauts)
 A = Elapsed time spent in this place.
 B = Non-inter-level travel time spent in this place.
 C = Inter-level travel time spent in this place.
 D = Time resting spent in this place.
 E = Time spent auto-exploring this place.
 F = Levels seen in this place.
 G = Mean time per level.
                   A        B        C        D        E       F      G
               +--------+--------+--------+--------+--------+-----+--------+
         Total |   2812 |   2572 |    240 |    111 |   1686 |   3 |  937.3 |
       Dungeon |   2812 |   2572 |    240 |    111 |   1686 |   3 |  937.3 |
               +--------+--------+--------+--------+--------+-----+--------+

Top non-repeatable levels by time:
     D:1: 1446 daAuts
     D:2: 986 daAuts
     D:3: 378 daAuts
